| TOP OF THE 1ST |
|
New Orleans Zephyrs batting - Pitching for Sacramento River Cats : RHP Mike Moon
|
|
Pitching: RHP Mike Moon
|
|
|
Batting: RHB Josh Crenwelge
|
0-0: DOUBLE (Line Drive, 9LS, EV 108.8 MPH)
|
|
Batting: RHB Masumitsu Sugiura
|
0-0: Fly out, F4 (Popup, 34S, EV 76.9 MPH)
|
|
Batting: LHB Luis Magdaleno
|
0-0: Ball 1-0: Called Strike 1-1: Fly out, F8 (Flyball, 89M, EV 81.9 MPH)
|
|
Batting: RHB Dale Young
|
0-0: SINGLE (Flyball, 34D, EV 92.5 MPH) Josh Crenwelge to third Runner from 3rd tries for Home, SAFE, throw by RF to home
|
|
Batting: SHB Jordan Barragan
|
0-0: Ball 1-0: Ball Dale Young steals 2nd base 2-0: Called Strike 2-1: Ball 3-1: Foul Ball, location: 2F 3-2: Foul Ball, location: 2F 3-2: Base on Balls
|
|
Batting: RHB Isaiah Brockman
|
0-0: Ball 1-0: Ball 2-0: Foul Ball, location: 2F 2-1: Foul Ball, location: 2F 2-2: DOUBLE (Line Drive, 89XD, EV 111.9 MPH) Dale Young scores Jordan Barragan to third Runner from 3rd tries for Home, SAFE, throw by RF to home
|
|
Batting: LHB Carlos Mosqueda
|
0-0: Ball 1-0: Called Strike 1-1: Ground out 4-3 (Groundball, 4, EV 87.5 MPH)
|
| Top of the 1st over - 3 runs, 3 hits, 0 errors, 1 left on base; New Orleans 3 - Sacramento 0 |
| BOTTOM OF THE 1ST |
|
Sacramento River Cats batting - Pitching for New Orleans Zephyrs : RHP Tim Barnett
|
|
Pitching: RHP Tim Barnett
|
|
|
Batting: LHB Kevin Kantor
|
0-0: Ball 1-0: Foul Ball, location: 2F 1-1: Fly out, F7 (Flyball, 78M, EV 75.0 MPH)
|
|
Batting: LHB J.P. Olson
|
0-0: Swinging Strike 0-1: Ball 1-1: Ball 2-1: Ground out 3-1 (Groundball, 34, EV 106.9 MPH)
|
|
Batting: LHB Ryan Braden
|
0-0: Ball 1-0: TRIPLE (Line Drive, 8LXD, EV 108.1 MPH)
|
|
Batting: LHB Willie Ceniceros
|
0-0: Ball 1-0: Ball 2-0: Ball 3-0: Ground out 4-3 (Groundball, 4, EV 91.9 MPH)
|
| Bottom of the 1st over - 0 runs, 1 hit, 0 errors, 1 left on base; New Orleans 3 - Sacramento 0 |
| TOP OF THE 2ND |
|
New Orleans Zephyrs batting - Pitching for Sacramento River Cats : RHP Mike Moon
|
|
Batting: RHB Ryuki Ogasawara
|
0-0: Ball 1-0: Ball 2-0: Foul Ball, location: 2F 2-1: Foul Ball, location: 2F 2-2: Ball 3-2: SINGLE (Groundball, 23, EV 61.2 MPH) (infield hit)
|
|
Batting: RHB Bill de Jesus
|
0-0: Ball Ryuki Ogasawara steals 2nd base 1-0: DOUBLE (Groundball, 5L, EV 101.2 MPH) Ryuki Ogasawara scores
|
|
Batting: RHB Josh Crenwelge
|
0-0: Foul Ball, location: 2F 0-1: Ball 1-1: Foul Ball, location: 2F 1-2: Hit by Pitch
|
|
Batting: RHB Masumitsu Sugiura
|
0-0: Fly out, F8 (Flyball, 8RD, EV 100.0 MPH)
|
|
Batting: LHB Luis Magdaleno
|
0-0: Called Strike 0-1: Fielders Choice at 2nd, 6-4 (Groundball, 6M, EV 86.2 MPH) Bill de Jesus to third
|
|
Batting: RHB Dale Young
|
0-0: Foul Ball, location: 2F 0-1: Ball 1-1: Foul Ball, location: 2F 1-2: Fielders Choice at 2nd, 5-4 (Groundball, 5, EV 100.0 MPH)
|
| Top of the 2nd over - 1 run, 2 hits, 0 errors, 2 left on base; New Orleans 4 - Sacramento 0 |
| BOTTOM OF THE 2ND |
|
Sacramento River Cats batting - Pitching for New Orleans Zephyrs : RHP Tim Barnett
|
|
Batting: LHB Terry Ebersole
|
0-0: Called Strike 0-1: Ground out U3 (Groundball, 3S, EV 80.0 MPH)
|
|
Batting: RHB Davey Beeson
|
0-0: Swinging Strike 0-1: Ball 1-1: DOUBLE (Flyball, 8LXD, EV 108.8 MPH)
|
|
Batting: RHB Laroya Foronda
|
0-0: Ball 1-0: Ball 2-0: Called Strike 2-1: DOUBLE (Flyball, 8RXD, EV 106.9 MPH) Davey Beeson scores
|
|
Batting: RHB Doug Kennie
|
0-0: Ball 1-0: Ball 2-0: Foul Ball, location: 2F 2-1: Called Strike 2-2: Foul Ball, location: 2F 2-2: Foul Ball, location: 2F 2-2: SINGLE (Line Drive, 9S, EV 96.9 MPH) Laroya Foronda to third Runner from 3rd tries for Home, SAFE, throw by RF to home Doug Kennie to second
|
|
Batting: RHB Jack Toole
|
0-0: Ball 1-0: SINGLE (Groundball, 6MD, EV 94.4 MPH) Doug Kennie to third
|
|
Batting: LHB Kevin Kantor
|
0-0: Called Strike Jack Toole is caught stealing 2nd base 2-6 0-1: Foul Ball, location: 2F 0-2: Fly out, F7 (Line Drive, 7S, EV 98.1 MPH)
|
| Bottom of the 2nd over - 2 runs, 4 hits, 0 errors, 1 left on base; New Orleans 4 - Sacramento 2 |
| TOP OF THE 3RD |
|
New Orleans Zephyrs batting - Pitching for Sacramento River Cats : RHP Mike Moon
|
|
Batting: SHB Jordan Barragan
|
0-0: Ball 1-0: Foul Ball, location: 2F 1-1: Called Strike 1-2: Foul Ball, location: 2F 1-2: Foul Ball, location: 2F 1-2: Ball 2-2: Strikes out swinging
|
|
Batting: RHB Isaiah Brockman
|
0-0: Fly out, F4 (Popup, 4D, EV 68.8 MPH)
|
|
Batting: LHB Carlos Mosqueda
|
0-0: Called Strike 0-1: Swinging Strike 0-2: Ground out 6-3 (Groundball, 6, EV 83.8 MPH)
|
| Top of the 3rd over - 0 runs, 0 hits, 0 errors, 0 left on base; New Orleans 4 - Sacramento 2 |
| BOTTOM OF THE 3RD |
|
Sacramento River Cats batting - Pitching for New Orleans Zephyrs : RHP Tim Barnett
|
|
Batting: LHB J.P. Olson
|
0-0: Called Strike 0-1: Foul Ball, location: 2F 0-2: Strikes out looking
|
|
Batting: LHB Ryan Braden
|
0-0: Called Strike 0-1: Called Strike 0-2: Strikes out looking
|
|
Batting: LHB Willie Ceniceros
|
0-0: Swinging Strike 0-1: Ball 1-1: Ball 2-1: Swinging Strike 2-2: Ball 3-2: Foul Ball, location: 2F 3-2: Foul Ball, location: 2F 3-2: Strikes out swinging
|
| Bottom of the 3rd over - 0 runs, 0 hits, 0 errors, 0 left on base; New Orleans 4 - Sacramento 2 |
| TOP OF THE 4TH |
|
New Orleans Zephyrs batting - Pitching for Sacramento River Cats : RHP Mike Moon
|
|
Batting: RHB Ryuki Ogasawara
|
0-0: Ball 1-0: Foul Ball, location: 2F 1-1: Fly out, F7 (Flyball, 7, EV 78.1 MPH)
|
|
Batting: RHB Bill de Jesus
|
0-0: Ball 1-0: Called Strike 1-1: Ball 2-1: Swinging Strike 2-2: Strikes out swinging
|
|
Batting: RHB Josh Crenwelge
|
0-0: Called Strike 0-1: Swinging Strike 0-2: Foul Ball, location: 2F 0-2: Ball 1-2: Foul Ball, location: 2F 1-2: Strikes out swinging
|
| Top of the 4th over - 0 runs, 0 hits, 0 errors, 0 left on base; New Orleans 4 - Sacramento 2 |
| BOTTOM OF THE 4TH |
|
Sacramento River Cats batting - Pitching for New Orleans Zephyrs : RHP Tim Barnett
|
|
Batting: LHB Terry Ebersole
|
0-0: Called Strike 0-1: Ball 1-1: Swinging Strike 1-2: Hit by Pitch
|
|
Batting: RHB Davey Beeson
|
0-0: Called Strike 0-1: Ball 1-1: Foul Ball, location: 2F 1-2: Ball 2-2: Ball 3-2: Foul Ball, location: 2F 3-2: Grounds into double play, 4-6-3 (Groundball, 4MD, EV 88.8 MPH)
|
|
Batting: RHB Laroya Foronda
|
0-0: Foul Ball, location: 2F 0-1: Ball 1-1: Called Strike 1-2: Ball 2-2: Fly out, F8 (Line Drive, 8LD, EV 105.6 MPH)
|
| Bottom of the 4th over - 0 runs, 0 hits, 0 errors, 0 left on base; New Orleans 4 - Sacramento 2 |
| TOP OF THE 5TH |
|
New Orleans Zephyrs batting - Pitching for Sacramento River Cats : RHP Mike Moon
|
|
Batting: RHB Masumitsu Sugiura
|
0-0: Called Strike 0-1: Called Strike 0-2: SINGLE (Groundball, 6D, EV 104.4 MPH)
|
|
Batting: LHB Luis Magdaleno
|
0-0: DOUBLE (Flyball, 8LXD, EV 93.8 MPH) Masumitsu Sugiura to third
|
|
Batting: RHB Dale Young
|
0-0: Called Strike 0-1: Swinging Strike 0-2: SINGLE (Flyball, 9LS, EV 85.0 MPH) Masumitsu Sugiura scores Luis Magdaleno to third
|
|
Batting: SHB Jordan Barragan
|
0-0: Called Strike 0-1: 3-RUN HOME RUN (Flyball, 89XD, EV 100.6 MPH), Distance : 426 ft
|
|
Pitching: LHP Gael Greene
|
|
|
Batting: RHB Isaiah Brockman
|
0-0: Ball 1-0: Foul Ball, location: 2F 1-1: Fly out, F6 (Popup, 6, EV 58.1 MPH)
|
|
Batting: LHB Carlos Mosqueda
|
0-0: DOUBLE (Flyball, 8LXD, EV 115.0 MPH)
|
|
Batting: RHB Ryuki Ogasawara
|
0-0: Foul Ball, location: 2F 0-1: Ball 1-1: Ball 2-1: Foul Ball, location: 2F 2-2: Ball 3-2: Base on Balls
|
|
Batting: RHB Bill de Jesus
|
0-0: Called Strike 0-1: Swinging Strike 0-2: Grounds into double play, 4-6-3 (Groundball, 34, EV 85.0 MPH)
|
| Top of the 5th over - 4 runs, 5 hits, 0 errors, 1 left on base; New Orleans 8 - Sacramento 2 |
| BOTTOM OF THE 5TH |
|
Sacramento River Cats batting - Pitching for New Orleans Zephyrs : RHP Tim Barnett
|
|
Batting: RHB Doug Kennie
|
0-0: Ground out 5-3 (Groundball, 56, EV 87.5 MPH)
|
|
Batting: RHB Jack Toole
|
0-0: Ball 1-0: Foul Ball, location: 2F 1-1: Swinging Strike 1-2: Foul Ball, location: 2F 1-2: Strikes out looking
|
|
Batting: LHB Kevin Kantor
|
0-0: Ball 1-0: Ball 2-0: Ball 3-0: Called Strike 3-1: SINGLE (Groundball, 34D, EV 98.1 MPH)
|
|
Batting: LHB J.P. Olson
|
0-0: Ball Kevin Kantor steals 2nd base 1-0: Ground out U3 (Groundball, 34S, EV 86.2 MPH)
|
| Bottom of the 5th over - 0 runs, 1 hit, 0 errors, 1 left on base; New Orleans 8 - Sacramento 2 |
| TOP OF THE 6TH |
|
New Orleans Zephyrs batting - Pitching for Sacramento River Cats : LHP Gael Greene
|
|
Batting: RHB Josh Crenwelge
|
0-0: Called Strike 0-1: Swinging Strike 0-2: Ground out 6-3 (Groundball, 6, EV 81.2 MPH)
|
|
Batting: RHB Masumitsu Sugiura
|
0-0: SOLO HOME RUN (Flyball, 78XD, EV 106.9 MPH), Distance : 429 ft
|
|
Batting: LHB Luis Magdaleno
|
0-0: Ball 1-0: Fly out, F9 (Line Drive, 89M, EV 88.1 MPH)
|
|
Batting: RHB Dale Young
|
0-0: Called Strike 0-1: Ball 1-1: Ground out 6-3 (Groundball, 6D, EV 101.2 MPH)
|
| Top of the 6th over - 1 run, 1 hit, 0 errors, 0 left on base; New Orleans 9 - Sacramento 2 |
| BOTTOM OF THE 6TH |
|
Sacramento River Cats batting - Pitching for New Orleans Zephyrs : RHP Tim Barnett
|
|
Batting: LHB Ryan Braden
|
0-0: Called Strike 0-1: Swinging Strike 0-2: Ball 1-2: Strikes out looking
|
|
Batting: LHB Willie Ceniceros
|
0-0: Ball 1-0: Swinging Strike 1-1: SINGLE (Flyball, 8RS, EV 89.4 MPH)
|
|
Batting: LHB Terry Ebersole
|
0-0: Ball 1-0: SINGLE (Groundball, 6D, EV 101.2 MPH) Willie Ceniceros to second
|
|
Batting: RHB Davey Beeson
|
0-0: Ball 1-0: Ball 2-0: Called Strike 2-1: Swinging Strike 2-2: Foul Ball, location: 2F 2-2: Ball 3-2: Grounds into double play, 4-6-3 (Groundball, 34, EV 81.2 MPH)
|
| Bottom of the 6th over - 0 runs, 2 hits, 0 errors, 1 left on base; New Orleans 9 - Sacramento 2 |
| TOP OF THE 7TH |
|
New Orleans Zephyrs batting - Pitching for Sacramento River Cats : LHP Gael Greene
|
|
Batting: SHB Jordan Barragan
|
0-0: Ball 1-0: Ball 2-0: Ball 3-0: Called Strike 3-1: Foul Ball, location: 2F 3-2: Fly out, F9 (Flyball, 89S, EV 88.8 MPH)
|
|
Batting: RHB Isaiah Brockman
|
0-0: Called Strike 0-1: Ball 1-1: Swinging Strike 1-2: SINGLE (Line Drive, 56D, EV 99.4 MPH)
|
|
Batting: LHB Carlos Mosqueda
|
0-0: Ball 1-0: Ball 2-0: SINGLE (Line Drive, 5D, EV 96.2 MPH) Isaiah Brockman to second
|
|
Batting: RHB Ryuki Ogasawara
|
0-0: Ball 1-0: Swinging Strike 1-1: Ball 2-1: Swinging Strike 2-2: Strikes out swinging
|
|
Batting: RHB Bill de Jesus
|
0-0: Called Strike 0-1: Ball 1-1: Swinging Strike 1-2: Foul Ball, location: 2F 1-2: Strikes out swinging
|
| Top of the 7th over - 0 runs, 2 hits, 0 errors, 2 left on base; New Orleans 9 - Sacramento 2 |
| BOTTOM OF THE 7TH |
|
Sacramento River Cats batting - Pitching for New Orleans Zephyrs : RHP Tim Barnett
|
|
Pinch Hitting: RHB Adam Solesbee
|
0-0: Ball 1-0: Foul Ball, location: 2F 1-1: Foul Ball, location: 2F 1-2: Ball 2-2: Strikes out swinging
|
|
Pitching: RHP Jason Davis
|
|
|
Batting: RHB Doug Kennie
|
0-0: Called Strike 0-1: Ground out 6-3 (Groundball, 56D, EV 84.4 MPH)
|
|
Batting: RHB Jack Toole
|
0-0: Fly out, F9 (Flyball, 9, EV 86.2 MPH)
|
| Bottom of the 7th over - 0 runs, 0 hits, 0 errors, 0 left on base; New Orleans 9 - Sacramento 2 |
| TOP OF THE 8TH |
|
New Orleans Zephyrs batting - Pitching for Sacramento River Cats : LHP Gael Greene
|
|
Now in RF: Adam Solesbee
|
|
|
Batting: RHB Josh Crenwelge
|
0-0: Ball 1-0: Ball 2-0: Ball 3-0: Called Strike 3-1: Fly out, F7 (Flyball, 7, EV 87.5 MPH)
|
|
Batting: RHB Masumitsu Sugiura
|
0-0: Ball 1-0: Ball 2-0: Ball 3-0: Base on Balls
|
|
Pitching: RHP Yugo Kobayashi
|
|
|
Batting: LHB Luis Magdaleno
|
0-0: Ball 1-0: Ball Masumitsu Sugiura steals 2nd base 2-0: Ball 3-0: Called Strike 3-1: Foul Ball, location: 2F 3-2: Strikes out swinging
|
|
Batting: RHB Dale Young
|
0-0: Ground out 5-3 (Groundball, 56, EV 108.8 MPH)
|
| Top of the 8th over - 0 runs, 0 hits, 0 errors, 1 left on base; New Orleans 9 - Sacramento 2 |
| BOTTOM OF THE 8TH |
|
Sacramento River Cats batting - Pitching for New Orleans Zephyrs : RHP Jason Davis
|
|
Batting: LHB Kevin Kantor
|
0-0: Ball 1-0: Ball 2-0: Ball 3-0: Called Strike 3-1: Foul Ball, location: 2F 3-2: Ground out U3 (Groundball, 3, EV 93.1 MPH)
|
|
Batting: LHB J.P. Olson
|
0-0: Ball 1-0: Swinging Strike 1-1: Ball 2-1: Ball 3-1: Foul Ball, location: 2F 3-2: Base on Balls
|
|
Batting: LHB Ryan Braden
|
0-0: SINGLE (Line Drive, 8LS, EV 109.4 MPH) J.P. Olson to second
|
|
Batting: LHB Willie Ceniceros
|
0-0: Ball 1-0: Ball 2-0: Foul Ball, location: 2F 2-1: Fielders Choice at 2nd, 3-6 (Groundball, 34S, EV 83.8 MPH) J.P. Olson to third
|
|
Batting: LHB Terry Ebersole
|
0-0: Called Strike 0-1: Ball 1-1: Ball 2-1: Ball 3-1: Foul Ball, location: 2F 3-2: Base on Balls Willie Ceniceros to second
|
|
Batting: RHB Davey Beeson
|
0-0: Ball 1-0: Ball 2-0: Called Strike 2-1: Ball 3-1: Foul Ball, location: 2F 3-2: Base on Balls J.P. Olson scores Willie Ceniceros to third Terry Ebersole to second
|
|
Pinch Hitting: LHB Cesar Arteaga
|
0-0: Called Strike 0-1: Ball 1-1: Foul Ball, location: 2F 1-2: Ground out 1-3 (Groundball, P, EV 69.4 MPH)
|
| Bottom of the 8th over - 1 run, 1 hit, 0 errors, 3 left on base; New Orleans 9 - Sacramento 3 |
| TOP OF THE 9TH |
|
New Orleans Zephyrs batting - Pitching for Sacramento River Cats : RHP Yugo Kobayashi
|
|
Pitching: RHP Israel Alvarado
|
|
|
Now in RF: Hugo Zacarias
|
|
|
Batting: SHB Jordan Barragan
|
0-0: Foul Ball, location: 2F 0-1: Foul Ball, location: 2F 0-2: Foul Ball, location: 2F 0-2: Ball 1-2: Ball 2-2: Ground out 4-3 (Groundball, 4M, EV 83.8 MPH)
|
|
Batting: RHB Isaiah Brockman
|
0-0: Foul Ball, location: 2F 0-1: Foul Ball, location: 2F 0-2: Strikes out looking
|
|
Batting: LHB Carlos Mosqueda
|
0-0: Ball 1-0: Called Strike 1-1: Foul Ball, location: 2F 1-2: Ball 2-2: Foul Ball, location: 2F 2-2: Foul Ball, location: 2F 2-2: Foul Ball, location: 2F 2-2: Fly out, F4 (Popup, 34, EV 60.6 MPH)
|
| Top of the 9th over - 0 runs, 0 hits, 0 errors, 0 left on base; New Orleans 9 - Sacramento 3 |
| BOTTOM OF THE 9TH |
|
Sacramento River Cats batting - Pitching for New Orleans Zephyrs : RHP Jason Davis
|
|
Batting: RHB Doug Kennie
|
0-0: Ball 1-0: Fly out, F7 (Flyball, 7D, EV 95.6 MPH)
|
|
Batting: RHB Jack Toole
|
0-0: Foul Ball, location: 2F 0-1: Ball 1-1: Called Strike 1-2: Ball 2-2: Ball 3-2: Foul Ball, location: 2F 3-2: Foul Ball, location: 2F 3-2: Base on Balls
|
|
Pitching: LHP Dan Tapley
|
|
|
Batting: LHB Kevin Kantor
|
0-0: Fly out, F1 (Line Drive, P, EV 62.5 MPH)
|
|
Batting: LHB J.P. Olson
|
0-0: Ball 1-0: SINGLE (Flyball, 9S, EV 83.8 MPH) Jack Toole to second
|
|
Batting: LHB Ryan Braden
|
0-0: Called Strike 0-1: Ball 1-1: Fly out, F8 (Flyball, 8RD, EV 99.4 MPH)
|
| Bottom of the 9th over - 0 runs, 1 hit, 0 errors, 2 left on base; New Orleans 9 - Sacramento 3 |
|